 Dungeon Crawl Stone Soup version 0.21-a0-400-g417d9d2 (webtiles) character file.

209 tof the Chopper (level 5, 0/47 HPs)
             Began as a Minotaur Berserker on Oct 20, 2017.
             Was a Priest of Trog.
             Slain by an ogre
             ... wielding a cursed -1 giant club
              (14 damage)
             ... on level 4 of the Dungeon.
             The game lasted 00:04:19 (2613 turns).

tof the Chopper (Minotaur Berserker)                Turns: 2613, Time: 00:04:20

Health: 0/47       AC:  7    Str: 23    XL:     5   Next: 55%
Magic:  4/4        EV: 11    Int:  4    God:    Trog [***...]
Gold:   103        SH:  0    Dex:  9    Spells: 4/4 levels left

rFire    . . .     SeeInvis .   a - +0 hand axe
rCold    . . .     Gourm    .   (no shield)
rNeg     . . .     Faith    .   g - +0 scale mail
rPois    .         Spirit   .   (helmet restricted)
rElec    .         Reflect  .   (no cloak)
rCorr    .         Harm     .   (no gloves)
MR       .....                  (no boots)
Stlth    ..........             (no amulet)
HPRegen  0.15/turn              (no ring)
MPRegen  0.09/turn              (no ring)

@: lethally poisoned (0 -> -2), very slow
A: retaliatory headbutt, horns 2
a: Berserk, Trog's Hand, Burn Spellbooks, Renounce Religion


You were on level 4 of the Dungeon.
You worshipped Trog.
Trog was most pleased with you.
You were hungry.

You visited 1 branch of the dungeon, and saw 4 of its levels.

You collected 103 gold pieces.

Inventory:

Hand Weapons
 a - a +0 hand axe (weapon)
Missiles
 o - 15 poisoned needles
 u - 8 needles of sleeping
Armour
 g - a +0 scale mail (worn)
Scrolls
 d - 2 scrolls of magic mapping
 j - 4 scrolls of remove curse
 n - a scroll of teleportation
 q - 2 scrolls of enchant armour
 r - a scroll of amnesia {unknown}
 s - a scroll of blinking {unknown}
 w - a scroll of fog {unknown}
Potions
 h - 2 potions of curing {unknown}
 i - 2 potions of heal wounds {unknown}
 k - a potion of degeneration {unknown}
 m - 2 potions of lignification {unknown}
 p - a potion of might {unknown}
 t - a potion of mutation {unknown}
 v - a potion of cancellation {unknown}
Comestibles
 c - 2 bread rations
 l - 2 meat rations


   Skills:
 + Level 4.6 Fighting
 * Level 5.3 Axes
 * Level 4.4 Armour
 + Level 3.2 Dodging


You had 4 spell levels left.
You didn't know any spells.

Dungeon Overview and Level Annotations

Branches:
Dungeon (4/15)
 Temple: D:4-7

Altars:
Gozag

Portals:
Sewer: D:4


Innate Abilities, Weirdness & Mutations

You reflexively headbutt those who attack you in melee.
You have a pair of horns on your head.


Message History

You barely miss the adder.
The adder is lightly wounded.
You slash the ogre! You miss the adder. You closely miss the orc.
The adder bites you but does no damage. x2
The orc hits you but does no damage. The adder barely misses you.
The ogre misses you.
You are feeling hungry.
You hit the adder.
The adder is heavily wounded.
You hit the orc. You hit the adder. You closely miss the ogre.
The adder bites you but does no damage. The orc misses you.
The adder bites you.
You are poisoned.
The adder poisons you! The adder closely misses you. You furiously retaliate!
You headbutt the adder.
You kill the adder!
Trog accepts your kill.
Your unstable footing causes you to fumble your attack.
You feel sick. The ogre hits you with a giant club!
You die...

#....####....#####.#
#....o.Oo......oo...
##...###########o...
#.o.# #.... #...#
#.... #.o.# #....
#.o.# #....
*********#O†o#*
#....
*,,,......#@#.#
#....
*,,,......#S#.#
****#....
*,,,......#≈#.#
*,,......
*,,,.....,#≈#.#
*,.......
*,,,....,,#≈#.#
*,.....##
*,,,....,,#≈#,*
***,,,,,,*
*,,,,,,,,,#≈#,*
*,,,,,,,**
*,,,,,,,,,#∩#,*
*,,,,,,,*
*,,,,,,,,,*≈*,*
*,,,,,,,***


You could see an ogre, an orc priest, an adder and 4 orcs.

Vanquished Creatures
  An iguana (D:4)
  4 gnolls (D:2)
  6 adders
  2 oozes
  3 worms
  2 dart slugs (D:2)
  3 leopard geckos (D:3)
  13 bats
  A giant cockroach (D:2)
  4 goblins
  7 hobgoblins
  7 jackals (D:3)
  A quokka (D:2)
  A ball python (D:2)
  4 frilled lizards
  A jackal skeleton (D:2)
  5 kobolds
  3 rats
68 creatures vanquished.

Notes
Turn   | Place    | Note
-------+----------+-------------------------------------------
     0 | D:1      | tof the Minotaur Berserker began the quest for the Orb.
     0 | D:1      | Reached XP level 1. HP: 19/19 MP: 0/0
   100 | D:1      | Reached XP level 2. HP: 27/27 MP: 1/1
   313 | D:1      | Reached skill level 4 in Axes
   839 | D:2      | Found an opulent altar of Gozag.
   888 | D:2      | Reached XP level 3. HP: 22/33 MP: 2/2
   949 | D:2      | Reached ** piety under Trog
  1149 | D:2      | Reached XP level 4. HP: 27/40 MP: 3/3
  1927 | D:3      | Reached *** piety under Trog
  1944 | D:3      | Reached skill level 5 in Axes
  1944 | D:3      | Reached XP level 5. HP: 47/47 MP: 4/4
  2577 | D:4      | Noticed an ogre
  2607 | D:4      | Found a glowing drain.
  2613 | D:4      | Slain by an ogre

Vault maps used:
D:1:      dpeg_arrival_short_road, hex_tiny
D:2:      grunt_gozag_statues
D:3:      first_bread, minmay_ruptured
D:4:      nicolae_qazlal_style_of_elements, nicolae_overflow_crystal_walls,
          portal_sewer_entry_d, uniq_pikel

Skill      XL: |  1  2  3  4 |
---------------+-------------+-----
Axes           | 4 5 |  5.3
Armour         | 3 4 |  4.4
Fighting       | 4 |  4.6
Dodging        | 3 |  3.2

Action                   |  1- 3 |  4- 6 || total
-------------------------+-------+-------++-------
Melee: Hand axe          |    74 |   103 ||   177
       Headbutt          |     9 |    20 ||    29
  Use: Scroll            |       |     6 ||     6
  Eat: Chunk             |     1 |     4 ||     5
Armor: Animal skin       |    10 |       ||    10
       Scale mail        |    26 |    43 ||    69
Dodge: Dodged            |    52 |    84 ||   136

Table legend:
 A = Spawn XP
 B = Non-spawn XP
 C = Spawn XP percentage of total XP
 D = Spawn monster count
 E = Non-spawn monster count
 F = Spawn count percentage of total count
 G = Total turns spent on level
                    A         B        C        D         E        F      G
               +---------+---------+-------+---------+---------+-------+---------
         Total |       0 |     299 |   0.0 |       0 |      68 |   0.0 |  2613
               +---------+---------+-------+---------+---------+-------+---------
           D:1 |       0 |      29 |   0.0 |       0 |      14 |   0.0 |   816
           D:2 |       0 |     141 |   0.0 |       0 |      29 |   0.0 |  1047
           D:3 |       0 |      78 |   0.0 |       0 |      22 |   0.0 |   609
           D:4 |       0 |      51 |   0.0 |       0 |       3 |   0.0 |   141
               +---------+---------+-------+---------+---------+-------+---------
